Map: Nightshade LE

Players

acuamarco

  • Race: Terran Terran
  • League: Diamond
  • Spawn Location: 5:00

ViBE - Winner!

  • Race: Zerg Zerg
  • League: Diamond
  • Spawn Location: 11:00

VOD

Have the link to the VOD?

Description

Time

  • Played on: Dec. 15, 2019, 9:04 p.m.
  • Length: 12:08
Show
View Real Time Build Order
Export as new Build Order

acuamarco Terran 

Build Orders:  

Get SALT Encoding   

  12  0:02  SCV  
  13  0:14  SCV  
  13  0:21  Supply Depot  
  14  0:26  SCV  
  15  0:42  SCV  
  16  0:46  Barracks  
  16  0:54  SCV  
  17  1:06  SCV  
  18  1:18  Command Center  
  18  1:20  SCV  
  19  1:33  SCV  
  19  1:34  Marine  
  21  1:42  Bunker  
  21  1:49  Refinery  
  21  1:50  Refinery  
  21  1:51  SCV  
  21  1:52  Marine  
  23  2:14  Barracks  
  23  2:22  Supply Depot  
  23  2:29  Marine  
  24  2:36  SCV  
  25  2:39  SCV  
  26  2:46  Factory  
  26  2:47  Marine  
  26  2:49  SCV  
  28  3:07  Refinery  
  28  3:17  SCV x2  
  28  3:19  Barracks Tech Lab  
  30  3:26  Barracks  
  30  3:35  Barracks Reactor  
  30  3:39  Marine  
  32  3:41  Stimpack  
  31  3:43  Starport  
  31  3:53  SCV x2  
  33  3:56  Factory Reactor, Refinery  
  33  4:05  SCV x2  
  35  4:14  Barracks, Marine x2  
  36  4:28  Supply Depot  
  36  4:32  Supply Depot  
  36  4:38  Supply Depot  
  36  4:44  SCV x2  
  37  4:54  Barracks Reactor  
  37  4:56  SCV  
  38  5:07  Medivac x2, Marine  
  38  5:08  Factory Reactor  
  38  5:11  Barracks Reactor  
  43  5:16  Barracks  
  43  5:17  Orbital Command  
  43  5:18  SCV  
  44  5:26  Combat Shield  
  44  5:30  Marine x2  
  44  5:31  SCV, Marine  
  48  5:41  Medivac x2  
  52  5:43  Marine  
  52  5:45  SCV  
  52  5:46  SCV  
  55  5:51  Marine  
  55  5:52  Marine  
  55  5:56  Widow Mine  
  59  5:57  Widow Mine  
  59  5:59  Liberator, SCV  
  62  6:05  Supply Depot  
  62  6:06  Liberator  
  62  6:08  Barracks Tech Lab  
  62  6:13  Engineering Bay  
  62  6:18  Marine  
  69  6:34  Orbital Command  
  69  6:35  Marine x3  
  72  6:41  Marine x2  
  72  6:42  Marine x2  
  76  6:47  Terran Infantry Weapons Level 1  
  76  6:51  Widow Mine  
  78  6:58  Supply Depot  
  78  7:14  Supply Depot  
  78  7:18  Liberator  
  78  7:19  Marine x5  
  78  7:20  Widow Mine  
  78  7:22  Marine  
  86  7:35  Marine  
  70  7:55  Marine x3  
  70  7:57  Marine  
  70  7:58  Marine  
  72  8:04  Factory  
  72  8:13  Marine x2  
  72  8:19  Refinery  
  74  8:20  Refinery  
  74  8:23  Liberator  
  74  8:32  Command Center  
  74  8:39  Viking  
  77  9:05  Factory Tech Lab  
  77  9:12  Terran Infantry Armor Level 1  
  77  9:13  Command Center  
  77  9:30  Command Center  
  77  9:34  Widow Mine x2  
  77  9:35  Siege Tank  
  77  9:36  Command Center  
  84  9:57  Widow Mine x2  
  87  10:07  Siege Tank  
  69  10:33  Marine x5  
  69  10:34  Marine x2  
  76  10:39  Siege Tank  
  79  10:50  Marine  
  80  11:06  Orbital Command  
  80  11:07  Orbital Command  
  80  11:10  Orbital Command  
  80  11:21  Factory  
  80  11:27  Factory  
Show
View Real Time Build Order
Export as new Build Order

ViBE Zerg - Winner!

Build Orders: Hatch First 

Get SALT Encoding   

  12  0:01  Drone  
  13  0:13  Overlord  
  13  0:18  Drone  
  14  0:31  Drone x2  
  16  0:37  Drone  
  17  0:53  Hatchery  
  16  0:58  Drone  
  16  1:01  Drone  
  18  1:08  Extractor  
  17  1:15  Spawning Pool  
  16  1:19  Drone  
  16  1:23  Drone  
  18  1:31  Drone  
  19  1:47  Overlord  
  19  2:05  Zergling x4  
  19  2:06  Queen x2  
  19  2:07  Drone  
  26  2:19  Metabolic Boost  
  26  2:32  Drone x2  
  26  2:33  Overlord  
  28  2:45  Overlord  
  28  2:53  Hatchery, Drone x3  
  30  3:06  Overlord  
  30  3:10  Drone x4  
  34  3:14  Queen  
  35  3:35  Zergling x12  
  35  3:36  Zergling x2  
  35  3:38  Overlord  
  42  3:46  Drone x2  
  44  3:51  Queen  
  46  3:56  Drone x2  
  46  4:00  Drone  
  49  4:03  Drone x2  
  49  4:04  Drone x4  
  49  4:09  Drone x2  
  57  4:14  Drone  
  58  4:19  Drone x2  
  58  4:22  Drone  
  60  4:28  Queen  
  62  4:31  Lair  
  62  4:36  Baneling Nest  
  61  4:40  Drone x5, Extractor  
  61  4:41  Overlord  
  61  4:42  Extractor  
  61  4:44  Overlord  
  63  5:00  Overlord x2  
  63  5:08  Drone x13  
  76  5:23  Hatchery  
  75  5:33  Zergling x18  
  84  5:50  Centrifical Hooks  
  84  5:56  Hydralisk Den  
  83  5:57  Extractor  
  82  6:19  Drone x3  
  82  6:20  Drone x3  
  82  6:21  Overlord x6, Hatchery  
  87  6:27  Drone x2, Extractor  
  87  6:28  Drone x3, Extractor  
  87  6:29  Drone x2  
  87  6:31  Grooved Spines  
  92  6:33  Drone  
  92  6:36  Evolution Chamber  
  92  6:37  Drone  
  92  6:39  Evolution Chamber  
  92  6:40  Hydralisk  
  92  6:41  Hydralisk x6  
  106  7:02  Overseer, Baneling  
  106  7:05  Zerg Melee Weapons Level 1, Hydralisk, Zerg Ground Armor Level 1  
  106  7:06  Zergling x2, Hydralisk x3  
  106  7:07  Zergling x8  
  119  7:35  Zergling x2  
  119  7:36  Zergling x18  
  115  7:46  Zergling x2  
  115  7:47  Zergling x12  
  110  7:52  Zergling x10  
  115  8:05  Drone  
  115  8:06  Drone x9  
  115  8:11  Drone  
  126  8:14  Drone x4  
  130  8:26  Overlord x6  
  130  8:31  Infestation Pit  
  130  8:33  Muscular Augments  
  129  8:36  Hatchery  
  129  8:39  Hydralisk x8  
  129  8:40  Hydralisk x2  
  148  8:43  Baneling x12  
  148  8:44  Baneling x14  
  148  8:51  Extractor  
  148  8:52  Extractor  
  148  8:55  Hatchery  
  145  9:05  Zerg Melee Weapons Level 2, Zerg Ground Armor Level 2  
  145  9:07  Hive  
  145  9:33  Spire  
  143  9:46  Zergling x24  
  143  9:47  Zergling x40  
  175  10:01  Hydralisk  
  175  10:02  Hydralisk x10  
  175  10:04  Zergling x2  
  182  10:29  Baneling x4  
  182  10:30  Baneling x22  
  182  10:33  Zergling x24  
  182  10:34  Zergling x12  
  196  11:35  Extractor  
  196  11:38  Extractor  
Tags
 
Add a new tag
Caveats
  • Supply blocks, unpowered buildings, or Contaminate may cause inaccurate times.
  • Supply counts are checked every 10 seconds.